General information
- name: BNet
- type: Ladder team game (AT/RT)
- host: Battle.net
- saver: Dinnerbot
map: Dragonblight
- players: 6
- length: 20:16
- speed: Fast
- version: 1.26 W3XP
- replay type: Public
» download(145 KB)
Players
team 1 (winner)
ACEchase (
blue | 217 APM | 4395 actions | 20:14)
4 Priestess of the Moon
2 Trueshot Aura
2 Searing Arrows
3 Keeper of the Grove
2 Entangling Roots
1 Thorns Aura
» actions
| Assign group hotkey | 13 | |
| Build / train | 53 | |
| Enter build submenu | 16 | |
| Enter hero's abilities submenu | 7 | |
| Give item / drop item | 1 | |
| Right click | 1851 | |
| Select / deselect | 273 | |
| Select group hotkey | 2150 | |
| Use ability | 31 | |
4395 total
» units
| Wisp | 16 | |
| Archer | 5 | |
| Huntress | 4 | |
| Hippogryph | 4 | |
| Chimaera | 4 | |
33 total
» upgrades
| Strength of the Moon | 1 | |
| Strength of the Wild | 2 | |
| Sentinel | 1 | |
| Reinforced Hides | 1 | |
| Corrosive Breath | 1 | |
6 total
» buildings
| Altar of Elders | 1 | |
| Moon Well | 7 | |
| Ancient of War | 1 | |
| Hunter's Hall | 1 | |
| Tree of Ages | 1 | |
| Tree of Eternity | 1 | |
| Ancient of Wind | 1 | |
| Chimaera Roost | 3 | |
| Ancient of Wonders | 1 | |
| Tree of Life | 1 | |
18 total
» build order
00:36 Altar of Elders
00:42 Moon Well
00:56 Ancient of War
01:25 Moon Well
02:17 Hunter's Hall
02:29 Moon Well
03:27 Tree of Ages
04:11 Moon Well
06:54 Tree of Eternity
06:59 Ancient of Wind
09:05 Moon Well
09:37 Chimaera Roost
09:39 Chimaera Roost
10:16 Chimaera Roost
11:10 Moon Well
12:26 Moon Well
12:39 Ancient of Wonders
16:15 Tree of Life
» items
| Potion of Lesser Invulnerability | 2 | |
| Boots of Speed | 1 | |
3 total

»
parliament. (
teal | 104 APM | 2096 actions | 20:14)
3 Archmage
2 Blizzard
1 Brilliance Aura
4 Blood Mage
2 Flame Strike
2 Banish
» actions
| Assign group hotkey | 97 | |
| Basic commands | 63 | |
| Build / train | 75 | |
| ESC pressed | 7 | |
| Enter build submenu | 27 | |
| Enter hero's abilities submenu | 7 | |
| Give item / drop item | 1 | |
| Remove unit from queue | 1 | |
| Right click | 626 | |
| Select / deselect | 361 | |
| Select group hotkey | 762 | |
| Use ability | 69 | |
2096 total
» units
| Peasant | 11 | |
| Footman | 6 | |
| Rifleman | 10 | |
| Sorceress | 5 | |
| Knight | 1 | |
| Priest | 9 | |
| Spell Breaker | 1 | |
| Blue Drake | 1 | |
| Ice Troll Berserker | 1 | |
45 total
» upgrades
| Priest Training | 3 | |
| Sorceress Training | 2 | |
| Long Rifles | 1 | |
| Gunpowder | 3 | |
| Armor | 2 | |
11 total
» buildings
| Altar of Kings | 1 | |
| Farm | 13 | |
| Barracks | 1 | |
| Scout Tower | 1 | |
| Lumber Mill | 1 | |
| Arcane Tower | 1 | |
| Keep | 1 | |
| Blacksmith | 1 | |
| Arcane Sanctum | 2 | |
| Castle | 1 | |
| Arcane Vault | 1 | |
| Gryphon Aviary | 1 | |
25 total
» build order
00:06 Altar of Kings
00:14 Farm
00:20 Barracks
00:51 Farm
01:06 Farm
01:56 Scout Tower
01:59 Farm
02:25 Lumber Mill
02:27 Arcane Tower
03:06 Keep
03:55 Farm
04:29 Farm
04:55 Blacksmith
05:00 Farm
05:15 Farm
05:38 Arcane Sanctum
05:58 Arcane Sanctum
06:30 Castle
06:49 Farm
06:50 Farm
08:43 Arcane Vault
11:24 Farm
17:14 Gryphon Aviary
17:16 Farm
17:17 Farm
» items
| Scroll of Regeneration | 4 | |
| Lesser Clarity Potion | 1 | |
| Scroll of Town Portal | 1 | |
6 total
Dinnerbot (
purple | 51 APM | 1032 actions | 20:16)
3 Archmage
2 Blizzard
1 Brilliance Aura
2 Blood Mage
1 Flame Strike
1 Siphon Mana
» actions
| Assign group hotkey | 5 | |
| Basic commands | 11 | |
| Build / train | 75 | |
| ESC pressed | 3 | |
| Enter build submenu | 89 | |
| Enter hero's abilities submenu | 5 | |
| Give item / drop item | 1 | |
| Right click | 193 | |
| Select / deselect | 246 | |
| Select group hotkey | 251 | |
| Use ability | 153 | |
1032 total
» units
| Peasant | 14 | |
| Goblin Shredder | 1 | |
| Sorceress | 1 | |
| Dragonhawk Rider | 5 | |
| Priest | 1 | |
22 total
» upgrades
| Masonry | 3 | |
| Sorceress Training | 1 | |
| Magic Sentry | 1 | |
5 total
» buildings
| Altar of Kings | 1 | |
| Farm | 5 | |
| Lumber Mill | 1 | |
| Arcane Vault | 1 | |
| Scout Tower | 89 | |
| Keep | 1 | |
| Guard Tower | 36 | |
| Arcane Sanctum | 1 | |
| Town Hall | 1 | |
| Gryphon Aviary | 1 | |
| Castle | 1 | |
138 total
» build order
00:06 Altar of Kings
00:19 Farm
00:36 Lumber Mill
00:39 Farm
01:38 Arcane Vault
02:35 Scout Tower
02:36 Scout Tower
02:43 Scout Tower
02:45 Keep
03:03 Scout Tower
03:04 Guard Tower
03:06 Scout Tower
03:09 Guard Tower
03:15 Farm
03:32 Guard Tower
03:34 Scout Tower
03:36 Guard Tower
03:48 Scout Tower
04:03 Scout Tower
04:11 Scout Tower
04:25 Scout Tower
04:29 Scout Tower
05:03 Scout Tower
05:06 Scout Tower
05:51 Scout Tower
05:53 Scout Tower
06:00 Arcane Sanctum
06:20 Scout Tower
06:27 Scout Tower
06:28 Scout Tower
06:34 Town Hall
06:37 Scout Tower
07:06 Scout Tower
07:10 Scout Tower
07:15 Gryphon Aviary
08:06 Scout Tower
08:07 Scout Tower
08:19 Scout Tower
08:20 Scout Tower
08:29 Scout Tower
08:36 Guard Tower
08:39 Scout Tower
08:45 Scout Tower
08:50 Farm
09:11 Guard Tower
09:15 Scout Tower
09:24 Scout Tower
09:25 Scout Tower
09:31 Scout Tower
09:32 Guard Tower
09:35 Scout Tower
09:36 Scout Tower
09:53 Scout Tower
10:24 Scout Tower
10:29 Scout Tower
10:31 Guard Tower
10:37 Scout Tower
10:38 Guard Tower
10:43 Scout Tower
10:45 Guard Tower
10:48 Guard Tower
10:51 Guard Tower
11:20 Guard Tower
11:22 Scout Tower
11:24 Castle
11:41 Guard Tower
11:45 Scout Tower
11:50 Scout Tower
11:52 Guard Tower
12:08 Farm
12:18 Guard Tower
12:54 Scout Tower
12:55 Scout Tower
12:58 Guard Tower
13:01 Guard Tower
13:02 Guard Tower
13:03 Scout Tower
13:05 Scout Tower
13:20 Scout Tower
13:22 Scout Tower
13:24 Scout Tower
13:25 Scout Tower
13:31 Scout Tower
13:31 Scout Tower
14:18 Scout Tower
14:20 Scout Tower
14:22 Scout Tower
14:24 Scout Tower
14:25 Guard Tower
14:28 Scout Tower
14:48 Scout Tower
14:49 Scout Tower
14:50 Guard Tower
14:55 Scout Tower
14:56 Guard Tower
15:03 Scout Tower
15:04 Scout Tower
15:04 Scout Tower
16:31 Guard Tower
16:33 Scout Tower
16:34 Scout Tower
16:39 Scout Tower
16:40 Scout Tower
16:41 Scout Tower
16:42 Guard Tower
16:45 Scout Tower
16:47 Guard Tower
17:07 Scout Tower
17:08 Scout Tower
17:09 Scout Tower
17:10 Guard Tower
17:13 Scout Tower
17:14 Scout Tower
17:16 Scout Tower
17:18 Guard Tower
17:24 Guard Tower
18:04 Scout Tower
18:05 Guard Tower
18:07 Scout Tower
18:08 Scout Tower
18:10 Guard Tower
18:14 Scout Tower
18:15 Scout Tower
18:16 Guard Tower
18:18 Scout Tower
18:20 Scout Tower
18:21 Guard Tower
18:32 Guard Tower
18:35 Scout Tower
18:35 Scout Tower
18:36 Scout Tower
18:39 Scout Tower
18:40 Scout Tower
18:41 Guard Tower
19:05 Guard Tower
19:07 Scout Tower
19:07 Scout Tower
19:16 Guard Tower
» items
| Scroll of Regeneration | 1 | |
| Staff of Teleportation | 2 | |
3 total
team 2 (loser)
Scroat (
green | 85 APM | 1703 actions | 20:05)
4 Mountain King
2 Storm Bolt
2 Bash
3 Blood Mage
1 Siphon Mana
2 Flame Strike
» actions
| Assign group hotkey | 29 | |
| Basic commands | 33 | |
| Build / train | 58 | |
| ESC pressed | 4 | |
| Enter build submenu | 25 | |
| Enter hero's abilities submenu | 7 | |
| Right click | 711 | |
| Select / deselect | 286 | |
| Select group hotkey | 494 | |
| Use ability | 56 | |
1703 total
» units
| Peasant | 10 | |
| Footman | 5 | |
| Priest | 3 | |
| Knight | 7 | |
| Blue Dragon Whelp | 1 | |
| Spell Breaker | 3 | |
| Obsidian Statue | 2 | |
31 total
» upgrades
| Defend | 1 | |
| Swords | 3 | |
| Plating | 4 | |
| Lumber Harvesting | 2 | |
| Priest Training | 2 | |
| Animal War Training | 1 | |
13 total
» buildings
| Altar of Kings | 1 | |
| Barracks | 2 | |
| Farm | 11 | |
| Scout Tower | 1 | |
| Arcane Tower | 2 | |
| Lumber Mill | 1 | |
| Keep | 1 | |
| Arcane Vault | 2 | |
| Blacksmith | 1 | |
| Castle | 1 | |
| Arcane Sanctum | 1 | |
| Town Hall | 3 | |
27 total
» build order
00:18 Altar of Kings
00:33 Barracks
00:42 Farm
00:53 Farm
01:36 Farm
01:47 Scout Tower
02:14 Arcane Tower
03:07 Farm
03:11 Lumber Mill
04:11 Keep
04:16 Arcane Vault
04:18 Arcane Vault
04:24 Blacksmith
05:19 Farm
06:07 Farm
06:47 Castle
06:49 Arcane Sanctum
07:12 Barracks
09:05 Farm
09:07 Farm
12:22 Farm
14:27 Farm
14:29 Farm
14:33 Town Hall
16:46 Town Hall
18:40 Town Hall
» items
sdhakduwlakjshd (
pink | 69 APM | 1405 actions | 20:14)
4 Dreadlord
2 Sleep
2 Vampiric Aura
1 Lich
1 Dark Ritual
» actions
| Assign group hotkey | 352 | |
| Basic commands | 68 | |
| Build / train | 69 | |
| Enter build submenu | 15 | |
| Enter hero's abilities submenu | 5 | |
| Give item / drop item | 4 | |
| Right click | 386 | |
| Select / deselect | 260 | |
| Select group hotkey | 202 | |
| Use ability | 44 | |
1405 total
» units
| Acolyte | 25 | |
| Ghoul | 6 | |
| Frost Wyrm | 6 | |
| Crypt Fiend | 2 | |
39 total
» upgrades
| Creature Attack | 2 | |
| Creature Carapace | 2 | |
| Freezing Breath | 1 | |
5 total
» buildings
| Graveyard | 1 | |
| Crypt | 1 | |
| Altar of Darkness | 1 | |
| Ziggurat | 8 | |
| Tomb of Relics | 1 | |
| Halls of the Dead | 1 | |
| Necropolis | 1 | |
| Spirit Tower | 2 | |
| Black Citadel | 1 | |
| Sacrificial Pit | 1 | |
| Boneyard | 4 | |
22 total
» build order
00:58 Graveyard
01:00 Crypt
01:05 Altar of Darkness
01:07 Ziggurat
01:09 Tomb of Relics
01:26 Ziggurat
02:13 Ziggurat
03:14 Ziggurat
05:04 Halls of the Dead
06:12 Ziggurat
06:13 Ziggurat
06:14 Ziggurat
06:15 Ziggurat
06:17 Necropolis
07:26 Spirit Tower
07:41 Black Citadel
07:44 Sacrificial Pit
09:34 Spirit Tower
10:06 Boneyard
10:07 Boneyard
10:09 Boneyard
10:10 Boneyard
» items
| Sacrificial Skull | 1 | |
| Scroll of Town Portal | 4 | |
| Potion of Healing | 2 | |
| Boots of Speed | 1 | |
| Potion of Invisibility | 1 | |
| Staff of Teleportation | 1 | |
| Potion of Lesser Invulnerability | 1 | |
| Scroll of Healing | 1 | |
| Dust of Appearance | 1 | |
| Orb of Corruption | 2 | |
15 total

»
grifffith (
yellow | 49 APM | 701 actions | 14:16)
3 Death Knight
2 Death Coil
1 Unholy Aura
1 Lich
1 Frost Nova
1 Dreadlord
1 Sleep
» actions
| Assign group hotkey | 20 | |
| Basic commands | 104 | |
| Build / train | 34 | |
| Enter build submenu | 13 | |
| Enter hero's abilities submenu | 5 | |
| Right click | 156 | |
| Select / deselect | 96 | |
| Select group hotkey | 235 | |
| Use ability | 38 | |
701 total
» units
| Acolyte | 2 | |
| Ghoul | 3 | |
| Crypt Fiend | 7 | |
| Obsidian Statue | 4 | |
16 total
» upgrades
| Creature Attack | 2 | |
| Creature Carapace | 2 | |
| Web | 1 | |
| Destroyer Form | 1 | |
6 total
» buildings
| Altar of Darkness | 1 | |
| Crypt | 1 | |
| Ziggurat | 7 | |
| Graveyard | 1 | |
| Tomb of Relics | 1 | |
| Nerubian Tower | 1 | |
| Halls of the Dead | 1 | |
| Black Citadel | 1 | |
| Slaughterhouse | 2 | |
16 total
» build order
00:27 Altar of Darkness
00:30 Crypt
00:37 Ziggurat
01:01 Graveyard
01:17 Tomb of Relics
01:30 Ziggurat
01:40 Nerubian Tower
04:16 Ziggurat
05:13 Halls of the Dead
06:09 Ziggurat
07:37 Black Citadel
08:15 Ziggurat
09:01 Slaughterhouse
09:03 Slaughterhouse
10:08 Ziggurat
12:09 Ziggurat
» items
Chat log
(00:08 / Allies) parliament.: purple
(00:09 / Allies) parliament.: what are you doing
(00:11 / Allies) parliament.: going*
(00:14 / Allies) Dinnerbot: dinner
(00:22 / Allies) parliament.: what units are you going
(00:25 / Allies) Dinnerbot: dinner
(01:09 / Allies) ACEchase: purple are you going to be a team player?
(01:18 / Allies) Dinnerbot: dinner
(01:33 / Allies) ACEchase: i guess we should just leave
(01:39 / Allies) parliament.: nah
(01:43 / Allies) parliament.: maybe it will work out
(01:46 / Allies) ACEchase: he is an asshole
(01:50 / Allies) parliament.: yeah
(01:52 / Allies) parliament.: but we can still win
(03:07 / Allies) ACEchase: fuck
(03:11 / Allies) ACEchase: purp is an ass
(03:11 / Allies) parliament.: whats up
(03:19 / Allies) parliament.: i know
(03:32 / Allies) parliament.: we gotta expand
(03:39 / Allies) ACEchase: he will just build towers
(03:46 / Allies) parliament.: i know blue
(03:49 / Allies) parliament.: me adn you can win
(03:51 / Allies) parliament.: dont worry
(03:57 / Allies) Dinnerbot: dinner
(06:33 / Allies) ACEchase: lol i guess he gets my expo
(06:37 / Allies) parliament.: lol..
(06:39 / Allies) Dinnerbot: dinner
(07:03 / Allies) ACEchase: teal we will need air
(07:21 / Allies) parliament.: ok
(07:24 / Allies) parliament.: what are you going
(08:24 / All) sdhakduwlakjshd: wow so many archmages and bloodmages
(08:52 / Allies) ACEchase: i get chims
(08:56 / Allies) Dinnerbot: dinner
(09:01 / Allies) parliament.: stfu purple
(09:02 / Allies) parliament.: jesus christ bro
(09:05 / All) sdhakduwlakjshd: teal where u going bro
(09:55 / All) sdhakduwlakjshd: No tp teal?!
(09:57 / All) sdhakduwlakjshd: risky
(10:21 / All) sdhakduwlakjshd: ouch
(10:26 / All) sdhakduwlakjshd: i dont like that combo
(10:27 / All) sdhakduwlakjshd: it hurts
(11:37 / All) Dinnerbot: dinner
(11:38 / All) sdhakduwlakjshd: holy shit
(11:45 / All) sdhakduwlakjshd: oh i remember u purp
(11:47 / All) sdhakduwlakjshd: crim!
(11:48 / All) sdhakduwlakjshd: crim!
(11:49 / All) sdhakduwlakjshd: LMAO
(11:54 / All) Dinnerbot: dinner
(11:54 / All) sdhakduwlakjshd: the infamous crim is back
(12:02 / All) sdhakduwlakjshd: love ur strat bro
(12:07 / All) sdhakduwlakjshd: we went 10-0 with ur shiet
(12:30 / Allies) ACEchase: ready to go hit?
(12:37 / All) sdhakduwlakjshd: dammit
(12:38 / All) sdhakduwlakjshd: i was texting
(12:42 / Allies) parliament.: k
(12:45 / Allies) parliament.: purple doesnt have shit
(13:13 / Allies) ACEchase: stay by towers
(13:14 / All) Dinnerbot: dinner
(13:14 / Allies) ACEchase: back up
(13:29 / Allies) parliament.: purple
(13:33 / Allies) parliament.: youre a fucking douche
(13:37 / All) sdhakduwlakjshd: that strat never fails
(13:39 / All) sdhakduwlakjshd: well it does
(13:40 / All) sdhakduwlakjshd: but hard
(13:52 / All) sdhakduwlakjshd: u towered ur allies bases too
(13:53 / All) sdhakduwlakjshd: Lul
(14:14 / All) Dinnerbot: dinner
(14:26 / Allies) parliament.: lol
(14:27 / Allies) parliament.: rofl
(14:50 / All) sdhakduwlakjshd: wackkkk
(15:08 / All) Dinnerbot: dinner
(15:15 / Allies) ACEchase: cant hit
(15:20 / Allies) parliament.: bring
(16:16 / All) sdhakduwlakjshd: now purp gettin hawks....
(16:22 / All) parliament.: mh?
(16:24 / All) sdhakduwlakjshd: no
(16:28 / All) sdhakduwlakjshd: i play with purp all the time
(16:29 / All) sdhakduwlakjshd: LMAO
(16:33 / All) sdhakduwlakjshd: we win every time with that strat
(16:36 / All) Dinnerbot: dinner
(16:57 / All) Dinnerbot: dinner
(16:57 / Allies) parliament.: purple
(16:58 / Allies) parliament.: gold please
(17:59 / All) Dinnerbot: dinner
(18:36 / Allies) parliament.: want to hit?
(18:42 / All) Dinnerbot: dinner
(18:43 / Allies) parliament.: and hit
(19:05 / Allies) parliament.: go
(19:05 / Allies) ACEchase: back to towers
(19:16 / Allies) ACEchase: back to towers
(19:54 / All) Dinnerbot: dinner
(20:09 / All) Dinnerbot: dinner
(20:10 / All) sdhakduwlakjshd: LMAO gg
(20:11 / All) sdhakduwlakjshd: nice job purp